 Dungeon Crawl Stone Soup version 0.30-a0-568-g124715a40b (webtiles) character file.

Game seed: 6613372620371385892

133 IdlyInterested the Chucker (level 4, 0/33 HPs)
             Began as a Demonspawn Wanderer on Dec 28, 2022.
             Slain by a worm (4 damage)
             ... on level 3 of the Dungeon.
             The game lasted 00:08:16 (2128 turns).

IdlyInterested the Chucker (Demonspawn Wanderer)    Turns: 2128, Time: 00:08:16

Health: 0/33       AC:  6    Str: 10 (13) XL:     4   Next: 93%
Magic:  6/6        EV: 11    Int: 13 (14) God:
Gold:   58         SH:  0    Dex: 10 (13) Spells: 5/6 levels left

rFire   . . .      SeeInvis +    i - +0 dagger (venom)
rCold   . . .      Faith    .    (no shield)
rNeg    . . .      Spirit   .    e - +0 leather armour
rPois   .          Reflect  .    (no helmet)
rElec   .          Harm     .    (no cloak)
rCorr   .          Rampage  .    o - +0 pair of gloves
Will    .....                    (no boots)
Stlth   +                        (no amulet)
HPRegen 0.25/turn                p - ring of see invisible
MPRegen 0.10/turn                (no ring)

@: no status effects
A: yellow scales 1, demonic magic 1
a: no special abilities


You were on level 3 of the Dungeon.
You visited 1 branch of the dungeon, and saw 3 of its levels.

You collected 58 gold pieces.

Inventory:

Hand Weapons
 a - a +2 dagger
 i - a +0 dagger of venom (weapon)
Missiles
 b - 3 curare-tipped darts
 g - a throwing net
 l - 15 stones (quivered)
Armour
 e - a +0 leather armour (worn)
 o - a +0 pair of gloves (worn)
Jewellery
 p - a ring of see invisible (left hand)
Scrolls
 d - a scroll of blinking
 f - a scroll of identify {unknown}
 h - a scroll of noise {unknown}
 j - a scroll of teleportation {unknown}
 k - a scroll of vulnerability {unknown}
Potions
 c - 2 potions of mutation


   Skills:
 - Level 2.0 Fighting
 * Level 2.3 Short Blades
 - Level 5.0 Throwing
 - Level 1.0 Armour
 - Level 1.0 Dodging
 - Level 1.0 Stealth
 * Level 1.6 Spellcasting
 - Level 1.0 Translocations
 - Level 1.0 Evocations


You had 5 spell levels left.
You knew the following spells:

 Your Spells              Type           Power      Damage    Failure   Level
a - Apportation           Tloc           6%         N/A       24%         1

Your spell library contained the following spells:

 Spells                   Type           Power      Damage    Failure   Level
 Ensorcelled Hibernation  Hex/Ice        2%         N/A       47%         2
 Passwall                 Tmut/Erth      0%         N/A       47%         2
 Teleport Other           Tloc           3%         N/A       56%         3
 Swiftness                Air            1%         N/A       71%         3


Dungeon Overview and Level Annotations

Branches:
Dungeon (3/15)

Altars:


Innate Abilities, Weirdness & Mutations

You are partially covered in yellow scales. (AC +2)
Spells you cast may paralyse adjacent enemies.


Message History

You kill the rat!
The worm barely misses you. The orc hits you with a +0 flail.
You hit the orc.
The orc is poisoned.
The orc is heavily wounded.
The orc hits you with a +0 flail. The orc barely misses you.
The worm misses you.
You closely miss the orc. The orc closely misses you.
The orc hits you with a +0 flail. The orc hits you with a +0 flail!
* * * LOW HITPOINT WARNING * * *
You completely miss the orc. The worm misses you.
The orc hits you with a +0 flail!
* * * LOW HITPOINT WARNING * * *
The orc barely misses you. The orc hits you but does no damage.
You hit the orc but do no damage.
The orc is poisoned.
It was a potion of curing.
You feel better. The orc hits you with a +0 flail.
* * * LOW HITPOINT WARNING * * *
The orc hits you with a +0 flail.
* * * LOW HITPOINT WARNING * * *
The orc hits you with a +0 war axe.
* * * LOW HITPOINT WARNING * * *
The worm bites you.
* * * LOW HITPOINT WARNING * * *
You feel better.
You kill the orc!
The orc closely misses you. The orc hits you but does no damage.
You hit the worm but do no damage.
The worm looks even sicker.
The worm is lightly wounded.
The orc closely misses you. The orc hits you with a +0 flail.
* * * LOW HITPOINT WARNING * * *
The worm closely misses you.
You hit the worm but do no damage.
The worm looks as sick as possible!
The worm is lightly wounded.
You kill the orc!
The orc hits you with a +0 flail.
* * * LOW HITPOINT WARNING * * *
It was a potion of degeneration.
There was something very wrong with that liquid.
You feel weakened.
You feel dopey.
You feel clumsy. The orc closely misses you. The worm bites you.
You die...

..#. . #. ###
#. .. #. #..
#. #..#######
#. #........#
#.#........#
...........#
#..)@...#
#..)ow..#
...........#
.............
##...(.......#
.............#
.............#
.....#########


You could see a worm (extremely poisoned) and an orc (poisoned).

Vanquished Creatures
  4 gnolls (D:2)
  3 adders (D:2)
  2 worms (D:2)
  2 orcs (D:3)
  4 endoplasms
  3 giant cockroaches
  8 goblins
  6 hobgoblins
  3 jackals (D:2)
  4 kobolds
  10 ball pythons
  4 bats (D:1)
  5 rats
58 creatures vanquished.

Notes
Turn   | Place    | Note
-------+----------+-------------------------------------------
     0 | D:1      | IdlyInterested the Demonspawn Wanderer began the quest for
                  | the Orb.
     0 | D:1      | IdlyInterested set off with the following items: a +2
                  | dagger, 3 curare-tipped darts, a potion of mutation, a
                  | scroll of blinking, a +0 leather armour; and the following
                  | spell memorised: Apportation; and the following spells
                  | available to memorise: Teleport Other.
     0 | D:1      | Reached XP level 1. HP: 13/13 MP: 2/2
   179 | D:1      | Gained mutation: You are partially covered in yellow
                  | scales. (AC +2) [demonic ancestry]
   179 | D:1      | Reached XP level 2. HP: 15/20 MP: 3/3
   500 | D:1      | Reached skill level 5 in Throwing
   615 | D:1      | Reached skill level 1 in Fighting
  1031 | D:2      | Reached skill level 1 in Stealth
  1031 | D:2      | Gained mutation: Spells you cast may paralyse adjacent
                  | enemies. [demonic ancestry]
  1031 | D:2      | Reached XP level 3. HP: 22/26 MP: 4/4
  1121 | D:2      | Reached skill level 1 in Short Blades
  1131 | D:2      | Reached XP level 4. HP: 19/33 MP: 5/5
  1444 | D:2      | Found a faded altar of an unknown god.
  2124 | D:3      | HP: 1/33 [worm (1)]
  2128 | D:3      | Slain by a worm

Illustrated notes

Levels and vault maps discovered:
D:1:      minmay_arrival_cross, layout_basic, corexii_item_surrounded_by_moat,
          minmay_indecisive_spiral
D:2:      wander_river, layout_loops_cross,
          dreamdust_ecumenical_altar_angels_and_demons
D:3:      cheibrodos_helix_gallery, layout_basic, serial_shops,
          nicolae_shop_advertising_works [nicolae_subvault_shop_adworks]

Skill      XL: |  1  2  3  4 |
---------------+-------------+-----
Throwing       | 5 |  5.0
Fighting       | 1 2 |  2.0
Stealth        | 1 |  1.0
Short Blades   | 1 2 |  2.3
Armour         | |  1.0
Dodging        | |  1.0
Spellcasting   | |  1.6
Translocations | |  1.0
Evocations     | |  1.0

Action                   |  1- 3 |  4- 6 || total
-------------------------+-------+-------++-------
Melee: Dagger            |   101 |   114 ||   215
       Mace              |    19 |       ||    19
       Flail             |     4 |       ||     4
       Punch             |     1 |     2 ||     3
 Cast: Apportation       |     1 |       ||     1
  Use: Potion            |     2 |     4 ||     6
 Stab: Sleeping          |       |     1 ||     1
Armor: Leather armour    |    58 |    25 ||    83
Dodge: Dodged            |    84 |    64 ||   148

Table legend: (Time is in decaauts)
 A = Elapsed time spent in this place.
 B = Non-inter-level travel time spent in this place.
 C = Inter-level travel time spent in this place.
 D = Time resting spent in this place.
 E = Time spent auto-exploring this place.
 F = Levels seen in this place.
 G = Mean time per level.
                   A        B        C        D        E       F      G
               +--------+--------+--------+--------+--------+-----+--------+
         Total |   2153 |   1949 |    204 |    346 |   1033 |   3 |  717.7 |
       Dungeon |   2153 |   1949 |    204 |    346 |   1033 |   3 |  717.7 |
               +--------+--------+--------+--------+--------+-----+--------+

Top non-repeatable levels by time:
     D:2: 1077 daAuts
     D:1: 1055 daAuts
     D:3: 20 daAuts
